 Dungeon Crawl Stone Soup version 0.31-a0-844-gdc52ec4e09 (webtiles) character file.

Game seed: 6447206727784046976

23 Ethylacetat the Changeling (level 2, 0/14 HPs)
             Began as a Vine Stalker Shapeshifter on Sept 28, 2023.
             Succumbed to a hobgoblin's poison
             ... on level 2 of the Dungeon.
             The game lasted 00:00:39 (485 turns).

Ethylacetat the Changeling (VSSh)                    Turns: 485, Time: 00:00:40

Health: 0/14       AC:  8    Str: 16    XL:     2   Next: 95%
Magic:  3/3        EV:  7    Int: 10    God:
Gold:   72         SH:  0    Dex: 13    Spells: 1/1 levels left

rFire   . .          .
                       - Unarmed
rCold   . . .        (no shield)
rNeg    . . .        e - +0 chain mail
rPois   .            (helmet currently unavailable)
rElec   .            (cloak currently unavailable)
rCorr   .            (gloves currently unavailable)
SInv    .            (boots currently unavailable)
Will    .....        (no amulet) Stlth
                     (no ring)
HPRegen 1.02/turn    (no ring)
MPRegen 0.08/turn

%: guardian spirit
@: lethally poisoned (0 -> -3), beast-form
A: beast (slay +1), fangs 2, regeneration 1, magic shield, antimagic bite, no
potion heal 2
a: Begin Untransformation


You were on level 2 of the Dungeon.
You were a hulking beast.
You visited 1 branch of the dungeon, and saw 2 of its levels.

You collected 72 gold pieces.

Inventory:

Armour
 e - a +0 chain mail (worn)
Talismans
 c - a beast talisman (active)
 d - a flux talisman
Scrolls
 a - a scroll of identify {unknown}
Potions
 b - a potion of lignification
 f - 2 potions of degeneration {unknown}


   Skills:
 + Level 1.3 Fighting
 + Level 1.8 Dodging
 + Level 3.2 Unarmed Combat
 * Level 3.3 Shapeshifting


You had one spell level left.
You didn't know any spells.
Your spell library was empty.

Dungeon Overview and Level Annotations

Branches:
Dungeon (2/15)

Altars:


Innate Abilities, Weirdness & Mutations

You are a hulking beast.
Your limbs bulge with bestial killing power. (Slay +1)
You have extremely sharp teeth.
Your natural rate of healing is unusually fast.
When hurt, damage is shared between your health and your magic reserves.
Your bite disrupts and absorbs the magic of your enemies.
Potions cannot restore your health.


Message History

The bat hits you but does no damage.
A bat is nearby!
You hit the bat.
You kill the bat!
Key pressed, stopping explore.
No target in view!
There is an open door here.
Key pressed, stopping explore.
No target in view!
No target in view!
A hobgoblin comes into view. It is quivering poisoned darts.
The hobgoblin shouts!
You hear a shout!
The hobgoblin throws a poisoned dart.
The poisoned dart hits you!
You are poisoned.
A hobgoblin is nearby!
You feel sick.
The hobgoblin throws a poisoned dart.
The poisoned dart hits you!
You are more poisoned.
A hobgoblin is nearby!
You feel very sick.
The hobgoblin throws a poisoned dart.
The poisoned dart hits you!
You are lethally poisoned!
A goblin comes into view. It is wielding a +0 dagger.
You feel very sick.
The hobgoblin throws a poisoned dart.
The poisoned dart completely misses you.
You are too injured to fight recklessly!
You are too injured to fight recklessly!
You are too injured to fight recklessly!
Unknown command.
* * * LOW HITPOINT WARNING * * *
You feel very sick. The goblin hits you but does no damage.
You punch the goblin!
You kill the goblin!
* * * LOW HITPOINT WARNING * * *
You feel very sick.
You closely miss the hobgoblin. You bite the hobgoblin. You drain its power.
The hobgoblin is heavily wounded.
You die...

##.## ... ... ... ##.## ...
#g# #h# #.# #.# ##########
#.# ####### #........# #.#
#.....#
#.######.####.###.###.#####
#.# #.#).........#.......#
#.######.#.##.###.....#### .#
#.##.......#...####......##.#


You could see a hobgoblin.

Vanquished Creatures
  2 worms (D:2)
  2 ball pythons (D:2)
  4 bats
  An endoplasm (D:1)
  2 goblins (D:2)
  2 hobgoblins
  A quokka (D:1)
  A frilled lizard (D:2)
  A kobold (D:1)
  A rat (D:1)
17 creatures vanquished.

Notes
Turn   | Place    | Note
-------+----------+-------------------------------------------
     0 | D:1      | Ethylacetat the Vine Stalker Shapeshifter began the quest
                  | for the Orb.
     0 | D:1      | Reached XP level 1. HP: 9/9 MP: 2/2
    51 | D:1      | Reached skill level 1 in Fighting
   154 | D:1      | Reached XP level 2. HP: 14/14 MP: 3/3
   157 | D:1      | You fall into a shaft and drop 1 floor!
   485 | D:2      | Succumbed to a hobgoblin's poison

Illustrated notes

Levels and vault maps discovered:
D:1:      noname_arrival_rooms_in_the_neighbourhood, layout_basic,
          amcnicky_mini_corridor_feature, roderic_lattice_a
D:2:      layout_loops_corners, minmay_misc_feat_four_crosses,
          minmay_crystal_room

Skill      XL: |  1 |
---------------+----+-----
Fighting       | 1 |  1.3
Dodging        | |  1.8
Unarmed Combat | |  3.2
Shapeshifting  | |  3.3

Action                     || total
---------------------------++-------
  Melee: Unarmed           ||    39
         Bite              ||     8
         Punch             ||     1
 Armour: Animal skin       ||     6
         Chain mail        ||    15
  Dodge: Dodged            ||    21

Table legend: (Time is in decaauts)
 A = Elapsed time spent in this place.
 B = Non-inter-level travel time spent in this place.
 C = Inter-level travel time spent in this place.
 D = Time resting spent in this place.
 E = Time spent auto-exploring this place.
 F = Levels seen in this place.
 G = Mean time per level.
                   A        B        C        D        E       F      G
               +--------+--------+--------+--------+--------+-----+--------+
         Total |    482 |    482 |      0 |      0 |    378 |   2 |  241.0 |
       Dungeon |    482 |    482 |      0 |      0 |    378 |   2 |  241.0 |
               +--------+--------+--------+--------+--------+-----+--------+

Top non-repeatable levels by time:
     D:2: 326 daAuts
     D:1: 156 daAuts
